 Dungeon Crawl Stone Soup version 0.32-a0-131-g9dbbe29261 (webtiles) character file.

Game seed: 7796844020891834892

2421 Invocatus the Skirmisher (level 9, -1/86 HPs)
             Began as a Naga Hunter on Feb 8, 2024.
             Was an Initiate of Cheibriados.
             Slain by a kobold demonologist
             ... wielding a +0 dagger
              (2 damage)
             ... on level 7 of the Dungeon.
             The game lasted 00:08:13 (5772 turns).

Invocatus the Skirmisher (Naga Hunter)              Turns: 5772, Time: 00:08:14

Health: -1/86      AC: 13    Str: 15    XL:     9   Next: 48%
Magic:  0/9        EV: 10    Int: 11    God:    Cheibriados [......]
Gold:   309        SH:  0    Dex: 19    Spells: 8/8 levels left

rFire   . . .        w - +0 orcbow
rCold   . . .        (shield currently unavailable)
rNeg    . . .        c - +0 leather armour
rPois   +            (no helmet)
rElec   .            d - +0 cloak
rCorr   .            (no gloves)
SInv    +            (no barding)
Will    +....        G - amulet of guardian spirit
Stlth   ++++         O - +4 ring of protection
HPRegen 0.34/turn    o - +4 ring of protection
MPRegen 0.11/turn

%: guardian spirit
@: short of breath, very slow
A: AC +3, large, see invisible, deformed body, poison resistance, slowness 2,
spit poison 1, naga tail 1
a: Spit Poison, Renounce Religion


You were on level 7 of the Dungeon.
You worshipped Cheibriados.
Cheibriados was noncommittal.
You visited 2 branches of the dungeon, and saw 8 of its levels.

You collected 309 gold pieces.

Inventory:

Hand Weapons
 a - a +0 shortbow
 p - the +9 mace "Spiderbane" {vamp, rF+ MP+9 Int+3}
   (You found it on level 2 of the Dungeon)

   Int+3:     It affects your intelligence (+3).
   rF+:       It protects you from fire.
   MP+9:      It affects your magic capacity (+9).
 w - a +0 orcbow (weapon)
Missiles
 y - 2 curare-tipped darts {=f}
Armour
 c - a +0 leather armour (worn)
 d - a +0 cloak (worn)
Jewellery
 o - a +4 ring of protection (right hand)
 v - an amulet of reflection
 F - a ring of protection from fire
 G - an amulet of guardian spirit (around neck)
 L - a ring of flight
 O - a +4 ring of protection (left hand)
Wands
 e - a wand of polymorph (10)
Scrolls
 b - a scroll of identify {@r1}
 f - a scroll of immolation {!r!r}
 i - a scroll of revelation
 j - a scroll of enchant weapon
 n - a scroll of brand weapon
 q - 2 scrolls of teleportation {@r4}
 s - 2 scrolls of blinking {!r}
Potions
 g - 2 potions of berserk rage {unknown}
 h - 2 potions of resistance
 k - 2 potions of curing {unknown}
 l - a potion of magic {unknown}
 m - a potion of degeneration {unknown}
 r - a potion of enlightenment {unknown}
 u - 2 potions of might
 x - a potion of brilliance {unknown}


   Skills:
 + Level 7.0 Fighting
 * Level 9.5 Ranged Weapons
 - Level 1.5 Dodging
 - Level 7.0 Stealth
 + Level 0.2 Invocations


You had 8 spell levels left.
You didn't know any spells.
Your spell library contained the following spells:

 Spells                   Type           Power      Damage    Failure   Level
 Cigotuvi's Dreadful Rot  Necr/Alch/Air  0%         N/A       54%         2
 Volatile Blastmotes      Fire/Tloc      0%         2d10      78%         3
 Fulminant Prism          Conj/Alch      0%         3d5       99%         4
 Ignite Poison            Fire/Alch      0%         N/A       99%         4
 Iskenderun's Mystic Bla  Conj/Tloc      0%         2d3       99%         4
 Freezing Cloud           Conj/Ice/Air   0%         6-21      100%        5


Dungeon Overview and Level Annotations

Branches:
Dungeon (7/15)             Temple (1/1) D:6

Altars:
Ashenzari
Cheibriados
Dithmenos
Elyvilon
Fedhas
Gozag
Hepliaklqana
Makhleb
Nemelex Xobeh
Okawaru
Qazlal
Ru
Trog
Uskayaw
Vehumet
Wu Jian
Xom
Yredelemnul
Zin
The Shining One

Shops:
D:1 (

Annotations:
D:3 scrolls


Innate Abilities, Weirdness & Mutations

Your serpentine skin is tough. (AC +3)
You have supernaturally acute eyesight. (SInv)
Armour fits poorly on your strangely shaped body.
Your system is resistant to poisons. (rPois)
You cover ground very slowly.
You can spit poison.
You have a snake-like lower body.


Message History

The arrow barely misses the kobold demonologist.
The kobold demonologist mumbles some strange words.
The ice devil hits you! The ice devil freezes you!
The kobold demonologist looks braver for a moment.
The ice devil misses you.
The kobold demonologist looks satisfied for a moment.
The sun demon hits you but does no damage.
Fire: w) +0 orcbow
Press: ? - help, Q - select action, (/) - cycle Shift-Dir - straight line, f/p - kobold demonologist
Aim: a kobold demonologist, wielding a +0 dagger and wearing a +0 robe (heavily wounded, 53% to hit)
Okay, then.
Aiming: Mindburst
Press: ? - help, Q - select action, (/) - cycle Shift-Dir - straight line, f/p - kobold demonologist
Aim: a kobold demonologist, wielding a +0 dagger and wearing a +0 robe (heavily wounded, chance to affect: 47%)
Okay, then.
The ice devil attacks as it pursues you!
The ice devil closely misses you.
Aiming: Mindburst
Press: ? - help, Q - select action, (/) - cycle Shift-Dir - straight line, f/p - kobold demonologist
Aim: a kobold demonologist, wielding a +0 dagger and wearing a +0 robe (heavily wounded, chance to affect: 47%)
The kobold demonologist's mind is blasted!
The sun demon hits you.
You are engulfed in flames!
The kobold demonologist hits you but does no damage.
Aiming: Spit Poison (1% risk of failure)
Press: ? - help, Shift-Dir - straight line, f/p - kobold demonologist
Aim: a kobold demonologist, wielding a +0 dagger and wearing a +0 robe (severely wounded, 51% to hit)
The splash of poison hits the kobold demonologist.
The sun demon hits you!
* * * LOW HITPOINT WARNING * * *
You are engulfed in flames!!
* * * LOW HITPOINT WARNING * * *
The kobold demonologist hits you but does no damage.
Aiming: Mindburst
Press: ? - help, Q - select action, (/) - cycle Shift-Dir - straight line, f/p - kobold demonologist
Aim: a kobold demonologist, wielding a +0 dagger and wearing a +0 robe (severely wounded, chance to affect: 47%)
The kobold demonologist's mind is blasted!
The sun demon hits you but does no damage.
The kobold demonologist closely misses you.
Aiming: Mindburst
Press: ? - help, Q - select action, (/) - cycle Shift-Dir - straight line, f/p - kobold demonologist
Aim: a kobold demonologist, wielding a +0 dagger and wearing a +0 robe (almost dead, chance to affect: 47%)
The kobold demonologist resists with some effort.
The now-empty wand crumbles to dust.
The sun demon hits you!
* * * LOW HITPOINT WARNING * * *
You are engulfed in flames!
* * * LOW HITPOINT WARNING * * *
The kobold demonologist hits you with a +0 dagger.
You die...
Cheibriados appreciates the motionlessness of death.

.. ...# .. #..#
... .##..# #.....
....# ....... ...#
#.....# ####..#
#.....######.##.4#
...........'...K3#
...........#....@#
...........#.....#
..........##.....#
..........##.....#
......##..##.....#
......##..##.....#
..........##.....#
..........########
##....##...#


You could see a sun demon (summoned), an ice devil (summoned) and a kobold
demonologist.

Vanquished Creatures
  2 sky beasts
  An ice beast (D:5)
  4 black bears
  A centaur (D:6)
  3 phantoms
  A kobold brigand (D:6)
  7 scorpions
  3 howler monkeys
  3 bombardier beetles
  5 hounds
  4 orc priests
  A jelly (D:6)
  An iguana (D:5)
  A sleepcap (D:6)
  3 orc wizards
  A gnoll (D:1)
  11 adders
  7 river rats (D:6)
  4 white imps
  3 ufetubi
  3 ribbon worms
  3 dart slugs
  15 orcs
  8 ball pythons
  6 endoplasms
  13 goblins
  4 hobgoblins
  10 kobolds
  7 quokkas
  3 bats
  2 frilled lizards (D:1)
  19 rats
159 creatures vanquished.

Notes
Turn   | Place    | Note
-------+----------+-------------------------------------------
     0 | D:1      | Invocatus the Naga Hunter began the quest for the Orb.
     0 | D:1      | Reached XP level 1. HP: 19/19 MP: 1/1
   157 | D:1      | Reached XP level 2. HP: 26/26 MP: 2/2
   217 | D:1      | Reached skill level 4 in Ranged Weapons
   270 | D:1      | Found Heq Meal's Antique Weapon Emporium.
   281 | D:1      | Reached XP level 3. HP: 33/33 MP: 3/3
   935 | D:2      | Found a blossoming altar of Fedhas.
  1077 | D:2      | Identified the +9 mace "Spiderbane" {vamp, rF+ MP+9 Int+3}
  1278 | D:2      | Reached skill level 3 in Stealth
  1336 | D:2      | Found a faded altar of an unknown god.
  1518 | D:3      | Reached XP level 4. HP: 40/40 MP: 4/4
  1787 | D:3      | Reached skill level 3 in Fighting
  1797 | D:3      | Reached XP level 5. HP: 37/49 MP: 5/5
  2267 | D:4      | Noticed a black bear
  2288 | D:4      | Killed a black bear
  2289 | D:4      | Reached skill level 5 in Ranged Weapons
  2289 | D:4      | Reached XP level 6. HP: 7/56 MP: 6/6
  2499 | D:4      | Noticed a black bear
  2511 | D:4      | Killed a black bear
  2669 | D:4      | Reached XP level 7. HP: 46/64 MP: 7/7
  2791 | D:4      | Reached skill level 6 in Ranged Weapons
  3040 | D:5      | Entered Level 5 of the Dungeon
  3096 | D:5      | Reached skill level 6 in Stealth
  3236 | D:5      | Reached XP level 8. HP: 39/73 MP: 8/8
  3303 | D:5      | Reached skill level 7 in Ranged Weapons
  3855 | D:5      | Reached skill level 8 in Ranged Weapons
  4196 | D:6      | Reached skill level 6 in Fighting
  4306 | D:6      | Found a staircase to the Ecumenical Temple.
  4441 | D:6      | Reached XP level 9. HP: 82/82 MP: 9/9
  4913 | D:6      | Reached skill level 9 in Ranged Weapons
  5537 | Temple   | Entered the Ecumenical Temple
  5550 | Temple   | Became a worshipper of Cheibriados the Contemplative
  5756 | D:7      | Noticed a kobold demonologist
  5765 | D:7      | Noticed an ice devil
  5767 | D:7      | Noticed a sun demon
  5772 | D:7      | HP: 1/86 [sun demon[a kobold demonologist] (11)]
  5772 | D:7      | Slain by a kobold demonologist

Illustrated notes

Levels and vault maps discovered:
D:1:      lightli_iron_boxes, layout_basic, serial_shops, shop,
          minmay_stone_trees_medium
D:2:      layout_loops_ring, dreamdust_ecumenical_altar_angels_and_demons,
          basic_altar
D:3:      layout_loops_ring, lemuel_flame_loot_1
D:4:      layout_cave_pools
D:5:      minmay_angry_zag, layout_gridville
D:6:      lemuel_ratsnest, layout_basic, temple_doors_e
D:7:      layout_gridville
Temple:   compressed_dpeg_triangle_lava_temple

Skill      XL: |  1  2  3  4  5  6  7  8  9 |
---------------+----------------------------+-----
Stealth        | 2 3 4 5 6 7 |  7.0
Ranged Weapons | 4 5 6 8 9 |  9.5
Fighting       | 3 4 6 7 |  7.0
Dodging        | |  1.5
Invocations    | |  0.2

Action                     |  1- 3 |  4- 6 |  7- 9 || total
---------------------------+-------+-------+-------++-------
   Fire: Shortbow          |    96 |   116 |   395 ||   607
         Orcbow            |       |       |    14 ||    14
Ability: Spit Poison       |     3 |    10 |    32 ||    45
  Evoke: Wand              |       |       |    10 ||    10
    Use: Scroll            |       |     1 |     9 ||    10
 Armour: Leather armour    |    14 |    72 |   208 ||   294
  Dodge: Dodged            |    16 |    49 |   130 ||   195

Table legend: (Time is in decaauts)
 A = Elapsed time spent in this place.
 B = Non-inter-level travel time spent in this place.
 C = Inter-level travel time spent in this place.
 D = Time resting spent in this place.
 E = Time spent auto-exploring this place.
 F = Levels seen in this place.
 G = Mean time per level.
                   A        B        C        D        E       F      G
               +--------+--------+--------+--------+--------+-----+--------+
         Total |   7497 |   7059 |    438 |    424 |   5617 |   8 |  937.1 |
       Dungeon |   7457 |   7059 |    398 |    424 |   5617 |   7 | 1065.3 |
        Temple |     40 |      1 |     39 |      0 |      0 |   1 |   40.0 |
               +--------+--------+--------+--------+--------+-----+--------+

Top non-repeatable levels by time:
     D:6: 1883 daAuts
     D:5: 1394 daAuts
     D:2: 1079 daAuts
     D:4: 1000 daAuts
     D:1: 980 daAuts
     D:3: 919 daAuts
     D:7: 199 daAuts
  Temple: 40 daAuts
